 Dungeon Crawl Stone Soup version 0.19.3-4-gbf9329e (console) character file.

338 Grinner the Cudgeler (level 6, 0/99 HPs)
             Began as an Ogre Monk on Jan 30, 2017.
             Was a Believer of Okawaru.
             Slain by a gnoll
             ... wielding a +0 spear
              (4 damage)
             ... on level 3 of the Dungeon.
             The game lasted 00:07:34 (3162 turns).

Grinner the Cudgeler (Ogre Monk)                    Turns: 3162, Time: 00:07:34

Health: 0/99       AC: 19    Str: 14 (17) XL:     6   Next: 55%
Magic:  6/6        EV:  1    Int:  7 (9)  God:    Okawaru [**....]
Gold:   172        SH:  0    Dex: 13 (14) Spells: 0 memorised, 5 levels left

rFire  . . .     SeeInvis .     b - +0 mace
rCold  . . .     Gourm    .     (armour currently unavailable)
rNeg   + + +     Faith    .     (no shield)
rPois  +         Spirit   .     (helmet currently unavailable)
rElec  .         Reflect  .     (cloak currently unavailable)
rCorr  .         Harm     .     (gloves unavailable)
MR     .....     NoTele   +     (boots unavailable)
Stlth  ++........               (no amulet)
                                (no ring)
                                (no ring)

@: tree-form, corroded
A: unfitting armour, (tough skin 0)
a: Heroism, Renounce Religion


You were on level 3 of the Dungeon.
You worshipped Okawaru.
Okawaru was pleased with you.
You were not hungry.
You were a tree.
You visited 1 branch of the dungeon, and saw 3 of its levels.

You collected 172 gold pieces.

Inventory:

Hand Weapons
 a - a +0 flail
 b - a +0 mace (weapon)
Missiles
 d - 3 stones (quivered)
Armour
 o - a +0 robe (melded)
Scrolls
 f - a scroll of magic mapping {unknown}
 h - 2 scrolls of noise {unknown}
 i - a scroll of immolation {unknown}
 l - 2 scrolls of identify {unknown}
 m - a scroll of enchant armour {unknown}
 n - a scroll of blinking {unknown}
 p - a scroll of fear {unknown}
Comestibles
 c - a bread ration
 j - a beef jerky
 q - 2 chunks of flesh


   Skills:
 + Level 5.5 Fighting
 * Level 6.9 Maces & Flails
 + Level 1.3 Throwing
 + Level 3.8 Dodging
 - Level 1.4 Stealth
 + Level 1.3 Invocations


You had 5 spell levels left.
You didn't know any spells.

Dungeon Overview and Level Annotations

Branches:
Dungeon (3/15)

Altars:
Cheibriados
Nemelex Xobeh
Okawaru
Qazlal
Xom


Innate Abilities, Weirdness & Mutations

You are too large for most types of armour.
((You have tough skin. (AC +1)))


Message History

You barely miss the gnoll.
The gnoll is severely wounded.
The gnoll hits you but does no damage. x2
You thump the gnoll!
You kill the gnoll!
Okawaru accepts your kill.
The gnoll throws a stone.
The stone hits you.
* * * LOW HITPOINT WARNING * * *
The gnoll hits you but does no damage.
Throwing (i - inventory):
k - a tomahawk (quivered)
Press: ? - help, Shift-Dir - straight line, f/p - gnoll
Aim: a gnoll, wielding a spear and carrying a wand of acid {empty} (moderately wounded)
You throw a tomahawk.
The tomahawk hits the gnoll but does no damage.
The gnoll is moderately wounded.
The gnoll throws a stone.
The stone hits you but does no damage. The gnoll hits you but does no damage.
d - 3 stones The gnoll hits you from afar with a spear.
You die...

.# #.#.# .# .# #.#.# #(#
.# #.#.# #... .# #.#.#
..... .# #...#####.r...
.##########....%.(..(.g.
.................g.(....
.##########†..##g# .#
##.###♣# .# ##....# >#
#.#### .# #.# ## #.# #.#
#.# #.# ...


You could see 2 gnolls.

Vanquished Creatures
  An ogre (D:3)
  2 orc wizards (D:3)
  Ijyb (D:3)
  Natasha (twice) (D:3)
  A gnoll (D:3)
  5 adders
  An ooze (D:1)
  2 worms (D:2)
  2 dart slugs (D:1)
  7 orcs (D:3)
  2 giant cockroaches (D:2)
  6 goblins
  2 hobgoblins (D:1)
  A quokka (D:2)
  2 ball pythons (D:1)
  6 bats
  5 frilled lizards
  3 kobolds
  6 rats
57 creatures vanquished.

Vanquished Creatures (others)
  A goblin (D:2)
  A kobold (D:3)
  A rat (D:3)
3 creatures vanquished.

Grand Total: 60 creatures vanquished

Notes
Turn   | Place    | Note
-------+----------+-------------------------------------------
     0 | D:1      | Grinner the Ogre Monk began the quest for the Orb.
     0 | D:1      | Reached XP level 1. HP: 24/24 MP: 1/1
    56 | D:1      | HP: 1/24 [hobgoblin/club (1)]
   475 | D:1      | Reached XP level 2. HP: 31/32 MP: 2/2
   985 | D:1      | Reached XP level 3. HP: 22/40 MP: 3/3
  1554 | D:2      | Found a stormy altar of Qazlal.
  1570 | D:2      | Reached skill level 5 in Maces & Flails
  1720 | D:2      | Reached XP level 4. HP: 41/49 MP: 4/4
  1740 | D:2      | Found a snail-covered altar of Cheibriados.
  2420 | D:3      | Noticed Natasha
  2429 | D:3      | Killed Natasha
  2429 | D:3      | Reached skill level 5 in Fighting
  2429 | D:3      | Reached XP level 5. HP: 35/57 MP: 5/5
  2597 | D:3      | Found an iron altar of Okawaru.
  2601 | D:3      | Became a worshipper of Warmaster Okawaru
  2601 | D:3      | Reached * piety under Okawaru
  2601 | D:3      | Reached ** piety under Okawaru
  2605 | D:3      | Found a shimmering altar of Xom.
  2608 | D:3      | Found a sparkling altar of Nemelex Xobeh.
  2637 | D:3      | Noticed an ogre
  2645 | D:3      | Killed an ogre
  2645 | D:3      | Reached skill level 6 in Maces & Flails
  2645 | D:3      | Reached skill level 1 in Throwing
  2795 | D:3      | Reached skill level 1 in Invocations
  2795 | D:3      | Reached XP level 6. HP: 57/66 MP: 6/6
  3037 | D:3      | Noticed Ijyb
  3048 | D:3      | Killed Ijyb
  3125 | D:3      | Noticed Natasha
  3136 | D:3      | Killed Natasha
  3156 | D:3      | HP: 4/99 [acid (11)]
  3162 | D:3      | Slain by a gnoll

Skill      XL: |  1  2  3  4  5 |
---------------+----------------+-----
Dodging        | 3 |  3.8
Maces & Flails | 5 6 |  6.9
Fighting       | 5 |  5.5
Throwing       | 1 |  1.3
Invocations    | 1 |  1.3
Stealth        | |  1.4

Action                   |  1- 3 |  4- 6 || total
-------------------------+-------+-------++-------
Melee: Mace              |   100 |   121 ||   221
Throw: Tomahawk          |       |    29 ||    29
  Use: Scroll            |       |     1 ||     1
       Potion            |       |     4 ||     4
 Stab: Sleeping          |     2 |     2 ||     4
  Eat: Bread ration      |     1 |       ||     1
       Chunk             |       |     3 ||     3
Armor: Robe              |    18 |    18 ||    36
       Skin              |       |    10 ||    10
Dodge: Dodged            |    62 |    56 ||   118
